 Dungeon Crawl Stone Soup version 0.20.0-15-g7f486f2 (webtiles) character file.

109 Chiseanne the Magician (level 4, 30/30 HPs)
             Began as a Demonspawn Wanderer on June 10, 2017.
             Quit the game on level 2 of the Dungeon.
             The game lasted 00:04:59 (3065 turns).

Chiseanne the Magician (Demonspawn Wanderer)        Turns: 3065, Time: 00:05:00

Health: 30/30      AC:  3    Str: 13    XL:     4   Next: 59%
Magic:  10/10      EV: 11    Int: 13    God:
Gold:   122        SH:  0    Dex: 13    Spells: 6/12 levels left

rFire    . . .     SeeInvis .   m - +2 dagger (venom)
rCold    . . .     Gourm    .   (no shield)
rNeg     . . .     Faith    .   e - +0 robe
rPois    .         Spirit   .   (helmet restricted)
rElec    .         Reflect  .   (no cloak)
rCorr    .         Harm     .   (no gloves)
MR       .....                  q - +0 pair of boots
Stlth    +.........             (no amulet)
Regen    0.1/turn               (no ring)
MPRegen  0.2/turn               (no ring)

@: no status effects
A: antennae 1, spiny 2
a: no special abilities


You were on level 2 of the Dungeon.
You were not hungry.

You visited 1 branch of the dungeon, and saw 2 of its levels.

You collected 122 gold pieces.

Inventory:

Hand Weapons
 a - a +0 mace
 m - a +2 dagger of venom (weapon)
 w - a +0 blowgun
Missiles
 c - 26 poisoned needles
 d - 28 stones (quivered)
 g - 26 arrows
 n - 3 needles of sleeping
Armour
 e - a +0 robe (worn)
 q - a +0 pair of boots (worn)
Jewellery
 l - a cursed ring of teleportation {unknown}
Scrolls
 j - a scroll of noise {unknown}
 p - a scroll of teleportation {unknown}
 r - 2 scrolls of remove curse {unknown}
 s - a scroll of identify {unknown}
Potions
 h - a potion of degeneration {unknown}
 k - a potion of curing {unknown}
 o - a potion of agility {unknown}
Books
 b - the Guide on Dark Arts

   Spells                             Type                      Level
   a - Pain                           Necromancy                   1
   b - Regeneration                   Charms/Necromancy            3
 i - a book of Conjurations

   Spells                             Type                      Level
   a - Magic Dart                     Conjuration                  1
   b - Searing Ray                    Conjuration                  2
   c - Dazzling Spray                 Conjuration/Hexes            3
   d - Fulminant Prism                Conjuration/Hexes            4
   e - Force Lance                    Conjuration/Translocation    4
   f - Iskenderun's Mystic Blast      Conjuration                  4
Comestibles
 f - 2 bread rations
 t - 5 chunks of flesh


   Skills:
 - Level 1.0 Throwing
   Level 1.0 Shields
 * Level 4.9 Spellcasting
 * Level 3.7 Conjurations
   Level 1.1 Necromancy
   Level 1.0 Earth Magic


You had 6 spell levels left.
You knew the following spells:

 Your Spells              Type           Power        Failure   Level  Hunger
a - Magic Dart            Conj           ##..         4%          1    None
b - Searing Ray           Conj           ##....       6%          2    ##.....
c - Dazzling Spray        Conj/Hex       #.....       26%         3    ###....


Dungeon Overview and Level Annotations

Branches:
Dungeon (2/15)

Altars:


Innate Abilities, Weirdness & Mutations

You have a pair of small antennae on your head.
You are mostly covered in sharp spines.


Message History

Aiming: Magic Dart
Press: ? - help, Shift-Dir - straight line, f/p - worm
Aim: a worm (almost dead)
The magic dart hits the worm.
The worm is almost dead.
The worm is struck by your spines.
You kill the worm!
Casting: Magic Dart
Confirm with . or Enter, or press ? or * to list all spells.
Aiming: Magic Dart
Press: ? - help, Shift-Dir - straight line, f - you That beam is likely to hit you.
Continue anyway?
Okay, then.
You see here a worm corpse.
You butcher the worm corpse.
t - 5 chunks of flesh (gained 2)
There is an open door here.
Done exploring.
Okay, then.
Are you sure you want to abandon this character and quit the game? (Confirm with "yes".)

#############
#...........#
#.#########.######
#.#########.......
#.##........###..#
#.##.....##.# ♣..♣
#.##....##### ♣..♣
#@##....# ♣..♣
#.##....### ♣..♣
#.####'#..# ♣♣.♣♣
#.# #.#..# ♣.♣♣
#.# #....# ♣♣.♣
###.####.#.## ♣.♣♣
#..........# ♣.♣
#...#####..# ♣.♣♣
#...# #..# ♣..♣


There were no monsters in sight!

Vanquished Creatures
  2 adders (D:2)
  An ooze (D:1)
  3 worms (D:2)
  2 dart slugs (D:1)
  A leopard gecko (D:1)
  7 bats (D:1)
  3 giant cockroaches (D:1)
  7 goblins
  7 hobgoblins
  9 jackals (D:1)
  A ball python (D:2)
  5 frilled lizards
  9 kobolds
  16 rats
73 creatures vanquished.

Notes
Turn   | Place    | Note
-------+----------+-------------------------------------------
     0 | D:1      | Chiseanne the Demonspawn Wanderer began the quest for the Orb.
     0 | D:1      | Chiseanne set off with: a book of Conjurations, the Guide on Dark Arts, 13 poisoned needles, a +0 blowgun, a +0 robe, a bread ration
     0 | D:1      | Reached XP level 1. HP: 13/13 MP: 5/5
     0 | D:1      | Identified the Guide on Dark Arts
     2 | D:1      | Learned a level 1 spell: Magic Dart
   373 | D:1      | Gained mutation: You have a pair of small antennae on your head. [demonic ancestry]
   373 | D:1      | Reached XP level 2. HP: 19/19 MP: 5/7
   789 | D:1      | Learned a level 2 spell: Searing Ray
   902 | D:1      | Gained mutation: You are partially covered in sharp spines. [demonic ancestry]
   902 | D:1      | Reached XP level 3. HP: 23/24 MP: 0/8
  1035 | D:1      | Learned a level 3 spell: Dazzling Spray
  1789 | D:2      | Gained mutation: You are mostly covered in sharp spines. [demonic ancestry]
  1789 | D:2      | Reached XP level 4. HP: 30/30 MP: 3/10
  3065 | D:2      | Quit the game

Skill      XL: |  1  2  3 |
---------------+----------+-----
Conjurations   | 3 |  3.7
Throwing       | |  1.0
Shields        | |  1.0
Spellcasting   | |  4.9
Necromancy     | |  1.1
Earth Magic    | |  1.0

Action                   |  1- 3 |  4- 6 || total
-------------------------+-------+-------++-------
Melee: Mace              |     5 |       ||     5
       Dagger            |     6 |     2 ||     8
 Fire: Blowgun           |    20 |       ||    20
 Cast: Magic Dart        |    97 |    52 ||   149
  Eat: Chunk             |     2 |     4 ||     6
Armor: Robe              |     8 |     2 ||    10
Dodge: Dodged            |    34 |     6 ||    40
